 Dungeon Crawl Stone Soup version 0.30.1-11-g7821555f0a (webtiles) character file.

Game seed: 16307081075187438281

26 Daroh the Ruffian (level 2, 0/23 HPs)
             Began as a Draconian Transmuter on Dec 8, 2023.
             Slain by Jessica
             ... wielding a +0 dagger
              (6 damage)
             ... on level 2 of the Dungeon.
             The game lasted 00:08:09 (1494 turns).

Daroh the Ruffian (Draconian Transmuter)            Turns: 1494, Time: 00:08:09

Health: 0/23       AC:  4    Str: 12    XL:     2   Next: 89%
Magic:  5/5        EV: 12    Int: 13    God:
Gold:   82         SH:  0    Dex: 11    Spells: 4/5 levels left

rFire   . . .        d - +3 long sword
rCold   . . .        (no shield)
rNeg    . . .        (body armour unavailable)
rPois   .            (helmet restricted)
rElec   .            (no cloak)
rCorr   .            (no gloves)
SInv    .            (no boots)
Will    .....        (no amulet)
Stlth   +            (no ring)
HPRegen 0.23/turn    (no ring)
MPRegen 0.09/turn

%: no passive effects
@: no status effects
A: AC +4, unfitting armour, cold-blooded
a: no special abilities


You were on level 2 of the Dungeon.
You visited 1 branch of the dungeon, and saw 2 of its levels.

You collected 82 gold pieces.

Inventory:

Hand Weapons
 d - a +3 long sword (weapon)
 h - a +0 sling
 i - a +0 dagger
Missiles
 c - 20 stones
 l - 5 javelins
Scrolls
 b - 2 scrolls of teleportation {unknown}
 e - 4 scrolls of identify {unknown}
 f - a scroll of acquirement {unknown}
 g - a scroll of poison {unknown}
 k - a scroll of noise {unknown}
 n - 2 scrolls of blinking {unknown}
Potions
 a - a potion of lignification
 j - a potion of heal wounds {unknown}
 m - a potion of magic {unknown}
 o - a potion of attraction
 p - a potion of haste {unknown}


   Skills:
 + Level 1.3 Fighting
 + Level 0.2 Long Blades
 + Level 0.2 Maces & Flails
 + Level 1.8 Dodging
 + Level 0.3 Stealth
 + Level 3.5 Unarmed Combat
 + Level 2.1 Spellcasting
 + Level 2.3 Transmutations


You had 4 spell levels left.
You knew the following spells:

 Your Spells              Type           Power      Damage    Failure   Level
a - Beastly Appendage     Tmut           14%        N/A       10%         1

Your spell library contained the following spells:

 Spells                   Type           Power      Damage    Failure   Level
 Wereblood                Tmut           7%         N/A       14%         2
 Apportation              Tloc           2%         N/A       26%         1
 Spider Form              Tmut/Pois      4%         N/A       43%         3
 Ice Form                 Ice/Tmut       4%         N/A       83%         4
 Alistair's Intoxication  Tmut/Pois      2%         N/A       99%         5


Dungeon Overview and Level Annotations

Branches:
Dungeon (2/15)

Altars:

Shops:
D:1 !

Annotations:
D:2 Jessica


Innate Abilities, Weirdness & Mutations

Your plain brown scales are hard. (AC +4)
You cannot fit into any form of body armour.
You are cold-blooded and may be slowed by cold attacks.


Message History

The hobgoblin is lightly wounded.
The hobgoblin misses you. x2
You slash the hobgoblin!
You kill the hobgoblin!
You see here a hobgoblin corpse.
You see here a +0 ring mail.
Found 2 poisoned darts.
Found a blue potion.
You see here a +0 ring mail.
p - a +0 ring mail
Okay, then.
Okay, then.
Okay, then.
You can't wear that!
You drop a +0 robe.
You drop a +0 ring mail.
j - a blue potion You see here 2 poisoned darts.
Found a murky pink potion.
p - a murky pink potion
Found a scroll labelled YLOZET PUNULAZ.
n - 2 scrolls labelled YLOZET PUNULAZ (gained 1) Jessica the Apprentice Sorceress comes into view.
She is wielding a +0 dagger.
A kobold comes into view. It is wielding a +0 short sword.
Jessica shouts!
Jessica points at you and mumbles some strange words.
Pain shoots through your body!
Ouch! That really hurt!
The kobold hits you with a +0 short sword.
Jessica barely misses you.
An endoplasm comes into view.
You barely miss the kobold. You tail-slap the kobold.
You kill the kobold!
Jessica gestures at you while chanting. Pain shoots through your body!
* * * LOW HITPOINT WARNING * * *
Jessica casts a spell.
Jessica seems to speed up.
Jessica attacks as you move away! Jessica hits you with a +0 dagger.
You die...

#......#
#....### #.
#....## ..
#.....# .#
#.....###.#
#.....##..# ###.
#.....##.J#.....
#####.##)@...#
#.##@# #....#
######


You could see Jessica (fast) and an endoplasm.

Vanquished Creatures
  A dart slug (D:1)
  A ball python (D:1)
  2 endoplasms (D:1)
  2 giant cockroaches
  2 goblins
  2 hobgoblins
  4 kobolds
  4 quokkas
  2 bats
  A frilled lizard (D:2)
21 creatures vanquished.

Notes
Turn   | Place    | Note
-------+----------+-------------------------------------------
     0 | D:1      | Daroh the Draconian Transmuter began the quest for the Orb.
     0 | D:1      | Reached XP level 1. HP: 16/16 MP: 3/3
   254 | D:1      | Reached XP level 2. HP: 12/23 MP: 5/5
   630 | D:1      | Found Riylirho's Distillery.
  1489 | D:2      | Noticed Jessica
  1494 | D:2      | Slain by Jessica

Illustrated notes

Levels and vault maps discovered:
D:1:      dpeg_arrival_water_temple_mockup, layout_loops_ring, serial_shops,
          shop
D:2:      minmay_evil_eye, layout_basic, uniq_jessica

Action                     || total
---------------------------++-------
  Melee: Club              ||    21
         Unarmed           ||    13
         Tailslap          ||     5
         Long sword        ||    26
    Use: Potion            ||     1
   Stab: Sleeping          ||     1
 Armour: Skin              ||    18
  Dodge: Dodged            ||    59
